 Dungeon Crawl Stone Soup version 0.31-a0-169-g82b7359 (webtiles) character file.

Game seed: 6183065156353434847

739 Ayyar the Chopper (level 7, -18/61 HPs)
             Began as a Minotaur Fighter on June 14, 2023.
             Killed from afar by an acid dragon (23 damage)
             ... with a splash of acid
             ... on level 5 of the Dungeon.
             The game lasted 00:13:00 (3515 turns).

Ayyar the Chopper (Minotaur Fighter)                Turns: 3515, Time: 00:13:01

Health: -18/61     AC:  5    Str: 27    XL:     7   Next: 46%
Magic:  6/6        EV:  9    Int:  8    God:
Gold:   268        SH:  5    Dex: 10    Spells: 6/6 levels left

rFire   . . .        n - +10 war axe "Muofu" {pain, Fragile Str+5 Int+3}
rCold   . . .        c - +0 buckler
rNeg    . . .        r - +0 chain mail
rPois   +            (helmet restricted)
rElec   .            (no cloak)
rCorr   .            D - +1 pair of gloves
SInv    +            g - +0 pair of boots
Will    .....        j - amulet of regeneration Stlth
                     w - ring of see invisible
HPRegen 1.10/turn    i - ring of poison resistance
MPRegen 0.10/turn

%: no passive effects
@: corroded, invisible
A: horns 2, retaliatory headbutt
a: no special abilities


You were on level 5 of the Dungeon.
You visited 1 branch of the dungeon, and saw 5 of its levels.

You collected 268 gold pieces.

Inventory:

Hand Weapons
 a - a +0 war axe
 n - the +10 war axe "Muofu" (weapon) {pain, Fragile Str+5 Int+3}
   (You found it on level 2 of the Dungeon)

   Str:       It affects your strength (+5).
   Int:       It affects your intelligence (+3).
   Fragile:   It will be destroyed if unequipped.
Missiles
 C - 2 boomerangs (quivered)
Armour
 c - a +0 buckler (worn)
 g - a +0 pair of boots (worn)
 r - a +0 chain mail (worn)
 D - a +1 pair of gloves (worn)
Jewellery
 f - a +6 ring of strength
 i - a ring of poison resistance (right hand)
 j - an amulet of regeneration (around neck)
 o - a ring of protection from cold
 q - a +5 ring of evasion
 w - a ring of see invisible (left hand)
 G - a ring of wizardry
Wands
 b - a wand of polymorph (6)
 t - a wand of iceblast (11)
 E - a wand of digging (6)
Scrolls
 h - 7 scrolls of identify {unknown}
 k - a scroll of blinking {unknown}
 l - a scroll of butterflies {unknown}
 m - a scroll of noise {unknown}
 p - a scroll of silence {unknown}
 s - 2 scrolls of fear {unknown}
 v - a scroll of immolation {unknown}
 y - 3 scrolls of enchant armour {unknown}
 B - 3 scrolls of torment {unknown}
 F - a scroll of teleportation {unknown}
Potions
 d - a potion of might
 e - 2 potions of enlightenment {unknown}
 u - 3 potions of curing
 x - a potion of invisibility
 z - a potion of lignification {unknown}
 A - a potion of brilliance {unknown}


   Skills:
 + Level 5.3 Fighting
 * Level 6.3 Axes
 + Level 5.5 Armour
 + Level 3.2 Dodging
 + Level 5.3 Shields
 + Level 0.3 Necromancy


You had 6 spell levels left.
You didn't know any spells.
Your spell library contained the following spells:

 Spells                   Type           Power      Damage    Failure   Level
 Sting                    Tmut/Pois      0%         1d3       92%         1
 Cigotuvi's Dreadful Rot  Necr/Pois/Air  0%         N/A       97%         2
 Poisonous Vapours        Pois/Air       0%         N/A       98%         2
 Scorch                   Fire           0%         2d5       98%         2
 Frozen Ramparts          Ice            0%         1d1       100%        3
 Dispel Undead            Necr           0%         3d6       100%        4
 Flame Wave               Conj/Fire      0%         2d4       100%        4
 Ice Form                 Ice/Tmut       0%         N/A       100%        4
 Olgreb's Toxic Radiance  Pois           0%         N/A       100%        4
 Summon Ice Beast         Ice/Summ       0%         N/A       100%        4
 Summon Forest            Summ/Tloc      0%         N/A       100%        5
 Death Channel            Necr           0%         N/A       100%        6
 Eringya's Noxious Bog    Tmut/Pois      0%         N/A       100%        6
 Summon Cactus Giant      Summ           0%         N/A       100%        6
 Summon Hydra             Summ           0%         N/A       100%        7


Dungeon Overview and Level Annotations

Branches:
Dungeon (5/15)
 Temple: D:4-7

Altars:
Uskayaw


Innate Abilities, Weirdness & Mutations

You have a pair of horns on your head.
You reflexively headbutt those who attack you in melee.


Message History

The acid dragon spits acid at you. The splash of acid misses you.
You hear a shout!
You barely miss the acid dragon.
The acid dragon is heavily wounded.
The acid dragon bites you but does no damage.
You block the acid dragon's attack. The acid dragon spits acid at you.
The splash of acid hits you!! The acid corrodes you!
You hear a shout! x2
You barely miss the acid dragon. Your headbutt misses the acid dragon.
The acid dragon is heavily wounded.
The acid dragon bites you.
The acid dragon claws you but does no damage.
The acid dragon bites you but does no damage.
You block the acid dragon's attack.
You slash the acid dragon! You headbutt the acid dragon.
The acid dragon is almost dead.
The acid dragon spits acid at you. The splash of acid hits you!!
* * * LOW HITPOINT WARNING * * *
The acid corrodes you!
It was a potion of curing.
You feel better. The acid dragon bites you.
* * * LOW HITPOINT WARNING * * *
The acid dragon claws you but does no damage.
It was a potion of invisibility.
You fade into invisibility!
The acid dragon bites you!
* * * LOW HITPOINT WARNING * * *
The acid dragon claws you but does no damage.
You hit the acid dragon but do no damage.
The acid dragon is almost dead.
The acid dragon bites you.
* * * LOW HITPOINT WARNING * * *
The acid dragon misses you.
You hit the acid dragon. Your headbutt misses the acid dragon.
The acid dragon is almost dead.
The acid dragon spits acid at you. The splash of acid hits you!!
You die...

###.# #^..# ##.# # #.#
#.#.## #..# # #.#
#.#..##### ##.## # #.#
#........# ##..# . #.#
######...# #..## # #.#
###)# ##.## #.# #)####
#[.####### #.#
#######....###.........
#.#
......D@##..#..#######.
#.# ........#
.#........# #..
........# #.###..#.###
......... .>.#.........
.......########..#......
.......#.........#......
.......#.######.........
.......#.#######.#.....#
#.........#.....#


You could see an acid dragon (unable to see you, catching breath).

Vanquished Creatures
  Sigmund (D:2)
  A water moccasin (D:4)
  An ice beast (D:5)
  A gnoll sergeant (D:5)
  A hound (D:4)
  Natasha (thrice) (D:4)
  8 gnolls
  6 adders
  A worm (D:3)
  4 dart slugs
  4 orcs
  3 endoplasms
  6 goblins
  10 hobgoblins
  3 jackals (D:2)
  4 quokkas
  5 ball pythons
  8 bats
  8 frilled lizards
  4 kobolds
  8 rats
90 creatures vanquished.

Notes
Turn   | Place    | Note
-------+----------+-------------------------------------------
     0 | D:1      | Ayyar the Minotaur Fighter began the quest for the Orb.
     0 | D:1      | Reached XP level 1. HP: 19/19 MP: 0/0
   249 | D:1      | Reached XP level 2. HP: 27/27 MP: 1/1
   322 | D:1      | Reached skill level 3 in Axes
   526 | D:1      | Found a faded altar of an unknown god.
   836 | D:1      | Reached XP level 3. HP: 33/33 MP: 2/2
   916 | D:2      | Identified the +10 war axe "Muofu" {pain, Fragile Str+5
                  | Int+3}
   966 | D:2      | Reached skill level 1 in Dodging
   972 | D:2      | Reached XP level 4. HP: 40/40 MP: 3/3
  1176 | D:2      | Noticed Sigmund
  1179 | D:2      | Killed Sigmund
  1180 | D:2      | Reached skill level 4 in Axes
  1180 | D:2      | Reached XP level 5. HP: 47/47 MP: 4/4
  1873 | D:3      | Reached XP level 6. HP: 50/53 MP: 5/5
  1910 | D:3      | Found a hide-covered altar of Uskayaw.
  2194 | D:3      | Reached skill level 5 in Axes
  2518 | D:4      | Noticed Natasha
  2651 | D:4      | Killed Natasha
  2681 | D:4      | Noticed Natasha
  2686 | D:4      | Killed Natasha
  2687 | D:4      | Reached skill level 5 in Armour
  2855 | D:4      | Noticed a water moccasin
  2860 | D:4      | Killed a water moccasin
  2861 | D:4      | Reached skill level 5 in Fighting
  2861 | D:4      | Reached skill level 5 in Shields
  2866 | D:4      | Noticed Natasha
  2919 | D:4      | Reached XP level 7. HP: 61/61 MP: 6/6
  3046 | D:4      | Killed Natasha
  3186 | D:5      | Entered Level 5 of the Dungeon
  3402 | D:5      | Reached skill level 6 in Axes
  3514 | D:5      | HP: 3/61 [acid dragon (6)]
  3515 | D:5      | Killed from afar by an acid dragon

Illustrated notes

Levels and vault maps discovered:
D:1:      evilmike_arrival_plus, layout_loops_corners,
          hellmonk_ecumenical_altar_pennies_from_heaven, serial_forest,
          infiniplex_forest_lined_room_2, infiniplex_forest_lined_room_2,
          infiniplex_forest_lined_2, infiniplex_forest_lined_room_3,
          infiniplex_forest_straight_4, infiniplex_forest_end_double,
          infiniplex_forest_clump_curved, infiniplex_forest_lined_room_3,
          minmay_pentomino_s2
D:2:      layout_basic, kennysheep_boxes, uniq_sigmund
D:3:      layout_basic, eat_drink_and_be_merry_uskayaw,
          kennysheep_generic_room_12
D:4:      layout_cave_pools, minmay_starry_boxes, uniq_natasha
D:5:      layout_basic

Skill      XL: |  1  2  3  4  5  6  7 |
---------------+----------------------+-----
Axes           | 3 4 5 6 |  6.3
Armour         | 4 5 |  5.5
Dodging        | 1 2 3 |  3.2
Fighting       | 4 5 |  5.3
Shields        | 4 5 |  5.3
Necromancy     | |  0.3

Action                     |  1- 3 |  4- 6 |  7- 9 || total
---------------------------+-------+-------+-------++-------
  Melee: War axe           |    67 |    67 |    39 ||   173
         Headbutt          |     6 |     9 |     5 ||    20
  Throw: Boomerang         |       |       |     1 ||     1
    Use: Potion            |       |       |     2 ||     2
 Armour: Scale mail        |    21 |    11 |       ||    32
         Chain mail        |       |    13 |    19 ||    32
  Dodge: Dodged            |    38 |    24 |    11 ||    73
  Block: Buckler           |    14 |    14 |     8 ||    36

Table legend: (Time is in decaauts)
 A = Elapsed time spent in this place.
 B = Non-inter-level travel time spent in this place.
 C = Inter-level travel time spent in this place.
 D = Time resting spent in this place.
 E = Time spent auto-exploring this place.
 F = Levels seen in this place.
 G = Mean time per level.
                   A        B        C        D        E       F      G
               +--------+--------+--------+--------+--------+-----+--------+
         Total |   3592 |   3538 |     54 |    114 |   2606 |   5 |  718.4 |
       Dungeon |   3592 |   3538 |     54 |    114 |   2606 |   5 |  718.4 |
               +--------+--------+--------+--------+--------+-----+--------+

Top non-repeatable levels by time:
     D:1: 937 daAuts
     D:2: 848 daAuts
     D:3: 763 daAuts
     D:4: 757 daAuts
     D:5: 284 daAuts
